 Dungeon Crawl Stone Soup version 0.26.1-11-gd32895ea62 (webtiles) character file.

Game seed: 1270584192544237876

531384 Gerhazo the Pyromancer (level 23, -2/201 (205) HPs)
             Began as a Red Draconian Conjurer on June 4, 2021.
             Was the Champion of Vehumet.
             Slain by Mennas
             ... wielding a +0 sacred scourge of holy wrath
              (35 damage)
             ... on level 5 of the Vaults.
             The game lasted 03:17:49 (70444 turns).

Gerhazo the Pyromancer (Red Draconian Conjurer)    Turns: 70444, Time: 03:17:49

HP:   -2/201 (205)  AC: 15    Str:  7    XL:     23   Next: 95%
MP:   12/43         EV: 21    Int: 37    God:    Vehumet [******]
Gold: 7947          SH:  5    Dex: 11    Spells: 1/54 levels left

rFire    + + .     SeeInvis +   k - staff of fire
rCold    . . .     Faith    .   Y - +1 buckler {rPois}
rNeg     . . .     Spirit   .   (armour unavailable)
rPois    +         Reflect  .   P - +0 mask of the Dragon {Will+ Slay+3 SInv}
rElec    .         Harm     .   y - scarf {repulsion}
rCorr    .         Rampage  .   V - +2 pair of gloves {archery}
Will     +++..                  D - +0 pair of boots of Siexkah {Will+ Str-3 Int+4}
Stlth    +.........             R - amulet of magic regeneration
HPRegen  0.43/turn              e - +6 ring of intelligence
MPRegen  0.53/turn              d - ring of wizardry

@: glowing, studying 2 skills, silenced, lightly drained, repel missiles
A: breathe fire, unfitting armour, fire resistance 1, cold-blooded, AC +11
}: 4/15 runes: serpentine, barnacled, slimy, silver
a: Breathe Fire, Renounce Religion


You were on level 5 of the Vaults.
You worshipped Vehumet.
Vehumet was exalted by your worship.
You visited 9 branches of the dungeon, and saw 45 of its levels.
You also visited: Sewer, Bailey and Ice Cave.

You collected 8412 gold pieces.
You spent 465 gold pieces at shops.

Inventory:

Armour
 y - a scarf of repulsion (worn)
 D - the +0 pair of boots of Siexkah (worn) {Will+ Str-3 Int+4}
   (You found it in a bailey)

   It affects your strength (-3).
   It affects your intelligence (+4).
   It affects your willpower, your defense against some magical effects.
 P - the +0 mask of the Dragon (worn) {Will+ Slay+3 SInv}
   (You acquired it on level 5 of the Pits of Slime)

   It affects your accuracy and damage with ranged weapons and melee attacks
   (+3).
   It affects your willpower, your defense against some magical effects.
   It lets you see invisible.
 V - a +2 pair of gloves of archery (worn)
 Y - a +1 buckler of poison resistance (worn)
Magical Staves
 k - an uncursed staff of fire (weapon)
Jewellery
 d - a ring of wizardry (right hand)
 e - a +6 ring of intelligence (left hand)
 t - an uncursed ring of resist corrosion
 w - an uncursed ring of protection from fire
 R - an amulet of magic regeneration (around neck)
Wands
 b - a wand of digging (18)
 g - a wand of enslavement (8)
 r - a wand of iceblast (12)
 A - a wand of paralysis (10)
 J - a wand of polymorph (35)
Scrolls
 c - 27 scrolls of teleportation
 i - 10 scrolls of immolation
 l - 30 scrolls of remove curse
 p - 8 scrolls of blinking
 u - 5 scrolls of amnesia
 B - 7 scrolls of magic mapping
 M - 8 scrolls of fog
 N - 2 scrolls of vulnerability
 O - 11 scrolls of identify
 Q - 5 scrolls of fear
 S - 5 scrolls of enchant armour
 W - 3 scrolls of torment {unknown}
 X - 3 scrolls of summoning
Potions
 a - 23 potions of curing
 f - 10 potions of might
 j - 7 potions of haste
 m - 16 potions of heal wounds
 n - 8 potions of flight
 o - a potion of berserk rage
 q - 3 potions of resistance
 s - 7 potions of ambrosia
 v - 2 potions of magic
 x - 4 potions of attraction
 C - 4 potions of mutation
 F - 4 potions of cancellation
 G - 5 potions of brilliance
 L - 2 potions of invisibility
Books
 z - a manual of Ice Magic
 T - a manual of Spellcasting
Miscellaneous
 h - a box of beasts (inert)
 E - a phial of floods
 H - a tin of tremorstones (2/2)
 I - a phantom mirror (inert)
 K - a condenser vane
 Z - a lightning rod (4/4)


   Skills:
 + Level 17.1 Fighting
 - Level 6.0 Staves
 + Level 16.6 Dodging
 - Level 1.7 Stealth
 - Level 4.0 Shields
 + Level 16.0 Spellcasting
 - Level 20.5 Conjurations
 * Level 14.6 Summonings
 * Level 4.5 Necromancy
 - Level 22.0 Fire Magic
 - Level 4.0 Ice Magic
 - Level 0.2 Earth Magic
 - Level 6.1 Evocations


You had one spell level left.
You knew the following spells:

 Your Spells              Type           Power        Failure   Level
a - Ozocubu's Armour      Ice            56%          1%          3
b - Summon Horrible Thin  Summ           47%          8%          8
c - Ignition              Fire           69%          1%          8
d - Iskenderun's Mystic   Conj/Tloc      81%          1%          4
e - Fireball              Conj/Fire      68%          0%          5
f - Orb of Destruction    Conj           55%          1%          7
g - Spellforged Servitor  Conj/Summ      51%          1%          7
h - Fire Storm            Conj/Fire      68%          2%          9
i - Blink                 Tloc           N/A          1%          2

Your spell library contained the following spells:

 Spells                   Type           Power        Failure   Level
 Shatter                  Erth           15%          100%        9
 Foxfire                  Conj/Fire      100%         0%          1
 Magic Dart               Conj           100%         0%          1
 Shock                    Conj/Air       100%         0%          1
 Summon Small Mammal      Summ           100%         0%          1
 Animate Skeleton         Necr           100%         1%          1
 Apportation              Tloc           58%          1%          1
 Corona                   Hex            32%          1%          1
 Freeze                   Ice            100%         1%          1
 Sandblast                Erth           62%          1%          1
 Sting                    Tmut/Pois      100%         1%          1
 Call Imp                 Summ           95%          0%          2
 Searing Ray              Conj           100%         0%          2
 Conjure Flame            Conj/Fire      100%         0%          3
 Iskenderun's Battlesphe  Conj           100%         0%          5
 Passwall                 Tmut/Erth      25%          1%          2
 Slow                     Hex            29%          1%          2
 Swiftness                Air            29%          1%          2
 Confusing Touch          Hex            29%          1%          3
 Dazzling Flash           Conj/Hex       100%         1%          3
 Frozen Ramparts          Ice            100%         1%          3
 Gell's Gravitas          Tloc           14%          1%          3
 Ignite Poison            Fire/Tmut/Pois 90%          1%          3
 Inner Flame              Hex/Fire       100%         1%          3
 Lesser Beckoning         Tloc           14%          1%          3
 Mephitic Cloud           Conj/Pois/Air  69%          1%          3
 Portal Projectile        Hex/Tloc       58%          1%          3
 Spider Form              Tmut/Pois      14%          1%          3
 Static Discharge         Conj/Air       81%          1%          3
 Stone Arrow              Conj/Erth      100%         1%          3
 Summon Guardian Golem    Hex/Summ       70%          1%          3
 Tukima's Dance           Hex            29%          1%          3
 Airstrike                Air            14%          1%          4
 Animate Dead             Necr           29%          1%          4
 Fulminant Prism          Conj/Hex       40%          1%          4
 Hailstorm                Conj/Ice       88%          1%          4
 Ice Form                 Ice/Tmut       44%          1%          4
 Olgreb's Toxic Radiance  Pois           29%          1%          4
 Summon Ice Beast         Ice/Summ       78%          1%          4
 Bolt of Magma            Conj/Fire/Erth 58%          1%          5
 Lightning Bolt           Conj/Air       40%          1%          5
 Conjure Ball Lightning   Conj/Air       40%          1%          6
 Iron Shot                Conj/Erth      41%          1%          6
 Starburst                Conj/Fire      68%          1%          6
 Monstrous Menagerie      Summ           47%          1%          7
 Summon Greater Demon     Summ           47%          1%          7
 Lee's Rapid Deconstruct  Erth           15%          3%          5
 Cause Fear               Hex            14%          4%          4
 Leda's Liquefaction      Hex/Erth       15%          4%          4
 Petrify                  Tmut/Erth      30%          4%          4
 Borgnjor's Vile Clutch   Necr/Erth      23%          4%          5
 Yara's Violent Unravell  Hex/Tmut       14%          4%          5
 Metabolic Englaciation   Hex/Ice        22%          6%          5
 Haunt                    Necr/Summ      39%          8%          7
 Death Channel            Necr           29%          12%         6
 Simulacrum               Ice/Necr       28%          12%         6
 Lehudib's Crystal Spear  Conj/Erth      41%          12%         8
 Alistair's Intoxication  Tmut/Pois      19%          13%         5
 Silence                  Hex/Air        14%          13%         5
 Chain Lightning          Conj/Air       40%          13%         8
 Malign Gateway           Summ/Tloc      35%          21%         7
 Statue Form              Tmut/Erth      20%          52%         6
 Dispersal                Tloc           14%          54%         6
 Invisibility             Hex            29%          54%         6
 Dragon's Call            Summ           47%          71%         9
 Dragon Form              Tmut           14%          98%         7
 Borgnjor's Revivificati  Necr           29%          99%         8
 Infestation              Necr           29%          99%         8
 Discord                  Hex            14%          100%        8
 Disjunction              Tloc           14%          100%        8
 Necromutation            Tmut/Necr      23%          100%        8
 Absolute Zero            Ice            28%          100%        9
 Death's Door             Necr           29%          100%        9


Dungeon Overview and Level Annotations

Branches:
Dungeon (15/15)            Temple (1/1) D:6            Lair (6/6) D:9
 Shoals (4/4) Lair:2        Snake (4/4) Lair:2        Slime (5/5) Lair:5
    Orc (2/2) D:10            Elf (3/3) Orc:2        Vaults (5/5) D:14
  Crypt (0/3) Vaults:2     Depths (0/5) D:15          Sewer (visited)
 Bailey (visited)           IceCv (visited)

Altars:
Ashenzari
Cheibriados
Dithmenos
Elyvilon
Fedhas
Gozag
Hepliaklqana
Kikubaaqudgha
Makhleb
Nemelex Xobeh
Okawaru
Qazlal
Ru
Sif Muna
Trog
Uskayaw
Vehumet
Wu Jian
Xom
Yredelemnul
Zin
The Shining One
Beogh
Jiyva

Shops:
D:8 [   D:9 [   Orc:1 ?   Orc:2 **[[[   Elf:2 [   Elf:3 !**?*((   Shoals:1 [(
Snake:2 *   Vaults:1 **   Vaults:3 (

Portals:
Trove: D:13 (give +3 storm dragon scales)

Annotations:
Vaults:5 Mennas


Innate Abilities, Weirdness & Mutations

You can breathe blasts of fire.
Your fiery red scales are hard. (AC +11)
You cannot fit into any form of body armour.
Your flesh is heat resistant. (rF+)
You are cold-blooded and may be slowed by cold attacks.


Message History

Unknown command.
Unknown command.
Okay, then.
Okay, then.
Okay, then.
Aiming: Phantom Mirror
Press: ? - help, Dir - move target, f - Mennas
Aim: Mennas, wielding a +0 sacred scourge of holy wrath and wearing a +0 tower shield (silenced, moderately wounded, fast, radiating silence, haloed)
You reflect Mennas with the mirror!
The mirror clouds!
Mennas blocks Mennas's attack. x2; Mennas misses you.
Mennas hits you with a +0 sacred scourge of holy wrath!
* * * LOW HITPOINT WARNING * * *
Mennas hits you but does no damage. You block Mennas's attack.
Mennas blocks Mennas's attack. x2
Okay, then.
You open the lid... ...and a juvenile shockfire beast leaps out!
The box is emptied!
Mennas blocks Mennas's attack.
Mennas misses Mennas.
Mennas hits you with a +0 sacred scourge of holy wrath!!
You die...

#..#.. #...v.$##..#
#vv.##..##..##
v.###..##..##
.##...##..##
##..###..## #
###XX##...## ##
##.XX##..### ##.
##AH###..## ##..
##@A##...##. ###..#
#..##..###..##^..##
#.##..##...##..###.
#....##}.###..##...
#...##..##...##..##
##.....##..###..##.
###...#..##...##..
###...##..###..#
#..##..##...##


You could see Mennas (fast, silencing), the friendly Mennas (summoned, fast,
silencing, drained), a friendly tentacled monstrosity (summoned), a friendly
juvenile shockfire beast (summoned) and 3 friendly large abominations.

Vanquished Creatures
  the Royal Jelly (Slime:5)
  A golden dragon (Vaults:5)
  Nikola (Vaults:1)
  3 liches
  A tentacled monstrosity (Vaults:5)
  2 deep elf blademasters
  3 titans
  16 acid blobs
  3 storm dragons
  4 sphinxes
  Gastronok (D:10)
  4 tengu reavers
  4 shadow dragons (Vaults:5)
  6 nagarajas
  15 azure jellies
  2 fire giants
  A frost giant (Vaults:1)
  Aizul (Elf:2)
  10 deep elf sorcerers
  13 vault wardens
  An orc warlord (Vaults:1)
  Louise (Snake:1)
  2 deep elf elementalists (Elf:3)
  A curse skull (Vaults:2)
  15 ironheart preservers
  7 very ugly things
  13 stone giants
  A war gargoyle (Vaults:1)
  6 deep elf demonologists
  Nessos (Orc:2)
  3 entropy weavers
  10 deep elf annihilators
  2 minotaurs
  6 merfolk javelineers
  9 ettins
  3 merfolk impalers
  9 death oozes
  10 deep elf death magi
  2 fire dragons
  5 deep elf high priests
  13 yaktaur captains
  Fannar (D:12)
  34 vault guards
  2 boulder beetles
  6 great orbs of eyes
  3 ice dragons
  22 naga warriors
  2 rakshasas
  Erica (D:9)
  An alligator snapping turtle (Shoals:3)
  Harold (Lair:2)
  3 merfolk aquamancers (Shoals:4)
  6 centaur warriors
  9 hydras
  A merfolk avatar (Shoals:1)
  7 anacondas
  A catoblepas (Shoals:4)
  A death knight (Vaults:4)
  8 ogre magi
  3 satyrs
  3 deep troll earth magi
  22 dancing weapons
  2 tengu warriors
  11 two-headed ogres
  Urug (D:10)
  2 orc high priests
  24 naga sharpshooters
  3 storm dragon zombies
  30 deep elf knights
  A shadow wraith (Vaults:4)
  Sonja (Lair:2)
  5 small abominations (Elf:3)
  A large abomination (Elf:3)
  5 unseen horrors
  A salamander mystic (Snake:3)
  6 sea snakes
  4 glowing orange brains
  9 deep trolls
  11 naga ritualists
  24 deep elf archers
  A phantasmal warrior (Vaults:5)
  21 harpies
  15 orc knights
  15 ironbrand convokers
  3 necromancers
  An orb spider (shapeshifter) (Elf:3)
  2 cyclopes
  76 deep elf magi
  A mana viper (shapeshifter) (Vaults:4)
  7 manticores
  A human zombie (Vaults:2)
  17 ugly things
  7 shining eyes
  A manticore (shapeshifter) (Vaults:3)
  6 orc sorcerers
  6 mana vipers
  7 wolf spiders
  2 shadow dragon skeletons
  2 oklob plants (Lair:5)
  An elephant (shapeshifter) (Vaults:5)
  Joseph (D:9)
  3 elephants
  14 fauns
  10 vault sentinels
  15 guardian serpents
  31 black mambas
  A centaur zombie (D:13)
  An ice statue (IceCv)
  5 merfolk sirens
  2 water nymphs (shapeshifter)
  21 naga magi
  A guardian serpent (shapeshifter) (Vaults:5)
  4 water nymphs
  A torpor snail (Lair:6)
  A torpor snail (shapeshifter) (Vaults:1)
  An eye of devastation (Slime:3)
  11 cane toads
  16 freezing wraiths
  2 rime drakes
  A yaktaur (shapeshifter) (Vaults:3)
  A tengu conjurer (D:14)
  23 merfolk
  5 komodo dragons
  4 meliai
  39 yaktaurs
  A yaktaur skeleton (Vaults:4)
  A merfolk (shapeshifter) (Vaults:5)
  2 polar bears
  4 wind drakes
  15 blink frogs
  A jumping spider (Vaults:3)
  A wind drake (shapeshifter) (Vaults:5)
  3 trolls
  4 hornets
  92 slime creatures
  A human simulacrum (Vaults:2)
  An air elemental (Elf:3)
  7 snapping turtles
  7 redbacks
  A shadow (D:14)
  6 wraiths
  2 water elementals
  An elf zombie (Vaults:2)
  2 vampires
  A human (shapeshifter) (Vaults:1)
  A tarantella (Vaults:5)
  5 basilisks
  7 wyverns
  5 fire elementals
  A golden eye (shapeshifter) (D:14)
  34 yaks
  14 golden eyes
  Menkaure (D:6)
  62 nagas
  11 wargs
  15 water moccasins
  A deep troll skeleton (Vaults:4)
  2 sky beasts
  An ettin simulacrum (Vaults:4)
  43 orc warriors
  2 black bears
  12 ice beasts
  A necrophage (D:7)
  2 phantoms
  6 boggarts
  6 eyes of draining
  A hornet zombie (D:14)
  10 centaurs
  A tengu (shapeshifter) (Vaults:4)
  8 wolves
  20 ogres
  A big kobold (shapeshifter) (Vaults:4)
  A big kobold (Sewer)
  18 bullfrogs
  2 earth elementals
  2 wyvern zombies
  A wyvern skeleton (D:11)
  6 scorpions
  An elf simulacrum (Vaults:4)
  16 killer bees
  19 wights
  An elephant simulacrum (IceCv)
  3 howler monkeys
  A crimson imp (D:6)
  A bullfrog zombie (D:6)
  4 draconian simulacra (IceCv)
  6 jellies
  2 centaur skeletons
  8 hounds
  A gnoll shaman (Orc:1)
  Crazy Yiuf (D:6)
  27 orc priests
  3 bullfrog skeletons
  Natasha (thrice) (D:2)
  2 iguanas
  22 orc wizards
  3 polar bear simulacra (IceCv)
  2 spriggan simulacra (IceCv)
  2 troll simulacra (IceCv)
  12 worker ants
  2 centaur simulacra (IceCv)
  2 hound zombies
  A hound skeleton (D:10)
  A worker ant zombie (D:11)
  27 adders
  16 gnolls
  A howler monkey skeleton (D:7)
  An ogre simulacrum (IceCv)
  3 naga simulacra (IceCv)
  8 river rats
  A shadow imp (D:9)
  15 white imps
  3 ufetubi
  An adder zombie (D:9)
  An adder skeleton (D:5)
  6 worms (D:4)
  A dart slug (D:2)
  An adder simulacrum (D:9)
  9 leopard geckos
  124 orcs
  9 bats
  6 giant cockroaches
  7 goblins
  4 hobgoblins
  13 jackals
  4 quokkas
  7 ball pythons
  9 frilled lizards
  A jackal skeleton (D:5)
  18 kobolds
  A quokka skeleton (D:6)
  A quokka zombie (D:5)
  27 rats
  3 crawling corpses
  3 fungi (Elf:1)
1829 creatures vanquished.

Vanquished Creatures (collateral kills)
  An ancient lich (Vaults:5)
  Frederick (Vaults:2)
  The ghost of TuffENuff the End of an Era, a veteran FoFi of Qazlal (Vaults:1)
  Jorgrun (Shoals:1)
  2 titans (Vaults:5)
  A deep elf blademaster (Elf:3)
  A quicksilver dragon (Vaults:1)
  3 acid blobs
  A sphinx (Vaults:5)
  A storm dragon (Vaults:1)
  3 shadow dragons (Vaults:5)
  Frances (Shoals:1)
  2 tengu reavers
  2 fire giants
  4 nagarajas
  2 orc warlords
  5 vault wardens
  2 deep elf sorcerers (Elf:3)
  2 stone giants
  A ghoul (Vaults:2)
  An ironheart preserver (Vaults:3)
  The ghost of Zataygor the Fighter, a journeyman MiBe of Trog (Shoals:2)
  An entropy weaver (Vaults:5)
  2 merfolk javelineers
  An ettin (Orc:1)
  A death ooze (Slime:5)
  A fire dragon (D:15)
  A yaktaur captain (Vaults:4)
  2 merfolk impalers
  A fire dragon (shapeshifter) (Elf:2)
  3 vault guards (Vaults:3)
  5 hydras
  6 naga warriors
  A quicksilver dragon skeleton (Vaults:2)
  3 merfolk avatars
  2 anacondas
  2 death knights
  4 dancing weapons
  3 two-headed ogres
  An alligator snapping turtle (Shoals:2)
  A merfolk aquamancer (Shoals:4)
  2 tengu warriors (D:15)
  An ogre mage (Vaults:4)
  2 orc high priests (Orc:2)
  7 naga sharpshooters
  A shock serpent (Snake:4)
  2 deep elf knights
  A shock serpent (shapeshifter) (Vaults:5)
  A hell knight (Vaults:5)
  3 sea snakes
  A salamander mystic (Snake:3)
  A deep elf archer (Elf:1)
  A glowing orange brain (Slime:2)
  A naga ritualist (Snake:1)
  2 wolf spider zombies
  5 orc knights
  A phantasmal warrior (Vaults:5)
  7 harpies
  11 deep elf magi
  2 necromancers
  A shining eye (Slime:5)
  6 manticores
  2 tengu skeletons
  12 ugly things
  A mana viper (Snake:1)
  5 fauns
  10 salamanders
  A wolf spider (Lair:6)
  A guardian serpent (Snake:4)
  5 merfolk sirens
  3 elephants (Lair:4)
  2 centaur zombies
  2 stone giant skeletons (Vaults:5)
  An eye of devastation (Slime:2)
  A vault sentinel (Vaults:3)
  2 naga magi (Snake:4)
  4 black mambas
  6 cane toads
  2 centaur skeletons (D:15)
  A torpor snail (Lair:4)
  A water nymph (Shoals:2)
  A freezing wraith (IceCv)
  A komodo dragon (Lair:3)
  3 yaktaurs
  A troll (shapeshifter) (D:14)
  9 merfolk
  A hornet (Lair:6)
  A jumping spider (Vaults:5)
  2 wind drakes
  8 blink frogs
  3 snapping turtles
  9 slime creatures
  2 redbacks (Vaults:5)
  4 water elementals
  17 yaks
  3 golden eyes
  3 fire elementals
  3 wyverns (Lair:6)
  21 nagas
  A soldier ant (D:13)
  7 water moccasins
  10 orc warriors
  5 ogres
  7 wolves (Lair:4)
  A nameless horror (Shoals:3)
  A bullfrog (D:14)
  2 earth elementals
  2 draconian simulacra (IceCv)
  A jelly (D:13)
  7 orc priests
  4 orc wizards
  A spriggan simulacrum (IceCv)
  A troll simulacrum (IceCv)
  A centaur simulacrum (IceCv)
  An ogre simulacrum (IceCv)
  A white imp (IceCv)
  13 orcs
  23 fire vortices
382 creatures vanquished.

Vanquished Creatures (others)
  A catoblepas (D:15)
  A two-headed ogre (Vaults:5)
  A yaktaur (Vaults:1)
  A slime creature (D:13)
  An air elemental (Elf:1)
  An ogre (Vaults:5)
  An orc (Elf:1)
  2 bushes (D:15)
  585 fire vortices
  78 fungi
  170 plants
  2 withered plants
844 creatures vanquished.

Grand Total: 3055 creatures vanquished

Notes
Turn   | Place    | Note
-------+----------+-------------------------------------------
     0 | D:1      | Gerhazo the Draconian Conjurer began the quest for the Orb.
     0 | D:1      | Reached XP level 1. HP: 14/14 MP: 3/3
    29 | D:1      | Reached XP level 2. HP: 7/20 MP: 0/5
  1201 | D:1      | Learned a level 2 spell: Searing Ray
  1209 | D:2      | Reached XP level 3. HP: 24/26 MP: 2/6
  1238 | D:2      | Noticed Natasha
  1549 | D:4      | Reached skill level 5 in Conjurations
  1549 | D:4      | Reached XP level 4. HP: 33/33 MP: 2/8
  1596 | D:4      | Found an opulent altar of Gozag.
  1670 | D:4      | Reached XP level 5. HP: 14/38 MP: 5/9
  1795 | D:4      | Found a glowing drain.
  1866 | Sewer    | Entered a sewer
  2509 | Sewer    | Reached XP level 6. HP: 45/45 MP: 7/11
  3450 | D:4      | Your scales start taking on a fiery red colour.
  3450 | D:4      | Reached XP level 7. HP: 50/50 MP: 8/13
  3450 | D:4      | Gained mutation: Your flesh is heat resistant. (rF+) [Red
                  | Draconian growth]
  3605 | D:5      | Entered Level 5 of the Dungeon
  3768 | D:5      | Found a basalt altar of Yredelemnul.
  3867 | D:5      | Reached skill level 1 in Fire Magic
  4850 | D:5      | Reached skill level 2 in Fire Magic
  5019 | D:6      | Identified the +2 flail of Defiance {vorpal, rF+++ MP-9
                  | Dex+2}
  5196 | D:6      | Reached skill level 5 in Spellcasting
  5196 | D:6      | Reached XP level 8. HP: 57/57 MP: 10/15
  5319 | D:6      | Reached skill level 3 in Fire Magic
  5864 | D:6      | Found a runed translucent door.
  5865 | D:6      | Noticed Crazy Yiuf
  5871 | D:6      | Killed Crazy Yiuf
  6233 | D:6      | Noticed Menkaure
  6245 | D:6      | Killed Menkaure
  6246 | D:6      | Reached skill level 4 in Fire Magic
  6724 | D:6      | Found a burning altar of Makhleb.
  6769 | D:6      | Found a staircase to the Ecumenical Temple.
  6785 | Temple   | Entered the Ecumenical Temple
  7047 | Temple   | Became a worshipper of Vehumet
  7589 | D:2      | Found a blossoming altar of Fedhas.
  8045 | D:2      | Killed Natasha
  8512 | D:2      | Noticed Natasha
  8517 | D:2      | Killed Natasha
  8527 | D:2      | Noticed Natasha
  8530 | D:2      | Killed Natasha
  8530 | D:2      | Reached * piety under Vehumet
  8530 | D:2      | Offered knowledge of Sandblast by Vehumet.
  8765 | D:3      | Found an iron altar of Okawaru.
  9262 | D:7      | Learned a level 4 spell: Iskenderun's Mystic Blast
  9331 | D:7      | Found a shimmering blue altar of Sif Muna.
  9366 | D:7      | Reached skill level 5 in Fire Magic
  9391 | D:7      | Reached skill level 1 in Fighting
  9392 | D:7      | Reached XP level 9. HP: 62/64 MP: 5/17
  9943 | D:7      | Reached skill level 10 in Conjurations
 10048 | D:7      | Offered knowledge of Foxfire by Vehumet.
 10144 | D:7      | Reached ** piety under Vehumet
 10389 | D:7      | Found a shadowy altar of Dithmenos.
 10450 | D:7      | Found a bloodstained altar of Trog.
 10453 | D:7      | Found a hide-covered altar of Uskayaw.
 10890 | D:8      | Got a slimy trident
 10891 | D:8      | Identified the cursed +0 trident "Qiataerch" {elec, rC+}
                  | (You found it on level 8 of the Dungeon)
 11094 | D:8      | Reached skill level 6 in Fire Magic
 11094 | D:8      | Found Maycubb's Armour Shop.
 11154 | D:8      | Found a blossoming altar of Fedhas.
 11165 | D:8      | Found a flagged portal.
 11178 | Bailey   | Entered a bailey
 11253 | Bailey   | Offered knowledge of Frozen Ramparts by Vehumet.
 11606 | Bailey   | Noticed an orc knight
 11606 | Bailey   | Noticed an orc knight
 11616 | Bailey   | Killed an orc knight
 11617 | Bailey   | Reached skill level 7 in Fire Magic
 11617 | Bailey   | Reached XP level 10. HP: 78/78 MP: 10/20
 11765 | Bailey   | Killed an orc knight
 11910 | Bailey   | Noticed an orc knight
 11966 | Bailey   | Killed an orc knight
 12129 | Bailey   | Got a pair of warped boots
 12135 | Bailey   | Identified the cursed +0 pair of boots of Siexkah {Will+
                  | Str-3 Int+4} (You found it in a bailey)
 12275 | D:8      | Reached *** piety under Vehumet
 12961 | D:9      | Found Iqomic's Antique Armour Shop.
 13071 | D:9      | Reached skill level 8 in Fire Magic
 13082 | D:9      | Found a staircase to the Lair.
 13321 | D:9      | Noticed Joseph
 14109 | D:9      | Noticed Erica
 14118 | D:9      | Killed Erica
 14198 | D:9      | Offered knowledge of Hailstorm by Vehumet.
 14199 | D:9      | Reached skill level 5 in Fighting
 14207 | D:9      | Reached skill level 9 in Fire Magic
 14755 | D:9      | Reached **** piety under Vehumet
 14756 | D:9      | Reached XP level 11. HP: 88/88 MP: 19/22
 14757 | D:9      | Offered knowledge of Bolt of Magma by Vehumet.
 14781 | D:9      | Learned a level 5 spell: Bolt of Magma
 15383 | D:9      | Killed Joseph
 15569 | D:10     | Entered Level 10 of the Dungeon
 15806 | D:10     | Killed an unseen horror
 15807 | D:10     | Reached skill level 5 in Dodging
 16015 | D:10     | Found a glowing silver altar of Zin.
 16074 | D:10     | Found a roughly hewn altar of Beogh.
 16074 | D:10     | Found a staircase to the Orcish Mines.
 16075 | D:10     | Noticed Urug
 16394 | D:10     | Noticed Gastronok
 16417 | D:10     | Killed Gastronok
 16418 | D:10     | Reached skill level 10 in Fire Magic
 16482 | D:10     | Killed Urug
 16959 | D:10     | Reached ***** piety under Vehumet
 16960 | D:10     | Offered knowledge of Iskenderun's Battlesphere by Vehumet.
 17597 | D:10     | Learned a level 5 spell: Iskenderun's Battlesphere
 17602 | D:11     | Noticed a green ugly thing
 17614 | D:11     | Killed a green ugly thing
 17692 | D:11     | Noticed a two-headed ogre
 17697 | D:11     | Killed a two-headed ogre
 18629 | D:12     | Killed an unseen horror
 18630 | D:12     | Reached skill level 11 in Fire Magic
 18630 | D:12     | Reached XP level 12. HP: 92/97 MP: 16/24
 18702 | D:12     | Noticed Fannar
 18976 | D:12     | Killed Fannar
 19414 | D:12     | Learned a level 7 spell: Orb of Destruction
 19506 | D:12     | Identified a scroll of acquirement
 20040 | Lair:1   | Entered Level 1 of the Lair of Beasts
 20631 | Lair:1   | Noticed a five-headed hydra
 20636 | Lair:1   | Killed a five-headed hydra
 21000 | Lair:2   | Noticed Harold
 21008 | Lair:2   | Killed Harold
 21057 | Lair:2   | Reached skill level 12 in Fire Magic
 21373 | Lair:2   | Reached skill level 1 in Summonings
 21407 | Lair:2   | Noticed Sonja
 21422 | Lair:2   | Killed Sonja
 21975 | Lair:2   | Found a staircase to the Shoals.
 22084 | Lair:2   | Found a staircase to the Snake Pit.
 22430 | Lair:2   | Noticed a five-headed hydra
 22432 | Lair:2   | Killed a five-headed hydra
 22729 | Lair:2   | Learned a level 7 spell: Spellforged Servitor
 22809 | Lair:3   | Reached XP level 13. HP: 107/107 MP: 18/25
 23157 | Lair:3   | You fall into a shaft and drop 3 floors!
 23157 | Lair:6   | Entered Level 6 of the Lair of Beasts
 23864 | Lair:4   | Reached skill level 13 in Fire Magic
 24206 | Lair:3   | Offered knowledge of Fireball by Vehumet.
 24225 | Lair:3   | Learned a level 5 spell: Fireball
 24376 | Lair:3   | Reached skill level 5 in Summonings
 25759 | Lair:5   | Found a basalt altar of Yredelemnul.
 26009 | Lair:5   | Found a staircase to the Slime Pits.
 26021 | Lair:5   | Found a viscous altar of Jiyva.
 26808 | Lair:6   | Reached XP level 14. HP: 116/116 MP: 21/27
 28282 | Orc:1    | Entered Level 1 of the Orcish Mines
 28291 | Orc:1    | Reached skill level 14 in Fire Magic
 28350 | Orc:1    | Found Dixtey's Magic Scroll Boutique.
 28401 | Orc:1    | Reached ****** piety under Vehumet
 28669 | Orc:1    | Found a runed translucent door.
 28998 | Orc:1    | Offered knowledge of Conjure Ball Lightning by Vehumet.
 29086 | Orc:1    | Found a roughly hewn altar of Beogh.
 29173 | Orc:2    | Entered Level 2 of the Orcish Mines
 29177 | Orc:2    | Noticed Nessos
 29184 | Orc:2    | Killed Nessos
 29222 | Orc:2    | Noticed an orc warlord
 29230 | Orc:2    | Killed an orc warlord
 29272 | Orc:2    | Found a frozen archway.
 29280 | IceCv    | Entered an ice cave
 29820 | IceCv    | Found an ancient bone altar of Kikubaaqudgha.
 29823 | IceCv    | Reached skill level 10 in Spellcasting
 29838 | IceCv    | Offered knowledge of Freezing Cloud by Vehumet.
 30086 | Orc:2    | Found a roughly hewn altar of Beogh.
 30138 | Orc:2    | Found Tuwipp's Assorted Antiques.
 30394 | Orc:2    | Reached skill level 15 in Conjurations
 30448 | Orc:2    | Found Jufu's Armour Shoppe.
 30448 | Orc:2    | Found Zogeonol's Assorted Antiques.
 30452 | Orc:2    | Found Alyiruvuzi's Armour Shop.
 30452 | Orc:2    | Found Dotod's Antique Armour Shoppe.
 30494 | Orc:2    | Found a staircase to the Elven Halls.
 31332 | D:13     | Found a portal to a secret trove of treasure.
 31578 | D:13     | Reached skill level 1 in Shields
 31780 | D:13     | Reached skill level 10 in Fighting
 31908 | D:13     | Reached skill level 15 in Fire Magic
 32431 | D:14     | Reached XP level 15. HP: 126/126 MP: 15/29
 32718 | D:14     | Offered knowledge of Starburst by Vehumet.
 33407 | D:14     | Found a gate to the Vaults.
 33756 | D:15     | Entered Level 15 of the Dungeon
 34689 | D:15     | Found a staircase to the Depths.
 34922 | Shoals:1 | Entered Level 1 of the Shoals
 34927 | Shoals:1 | Found Wadykh's Weapon Boutique.
 36267 | Shoals:1 | Found Jerghyvu's Armour Shop.
 36300 | Shoals:1 | Noticed Frances
 36306 | Shoals:1 | Killed Frances
 36355 | Shoals:1 | Reached skill level 16 in Fire Magic
 36517 | Shoals:1 | Learned a level 2 spell: Blink
 36617 | Shoals:1 | Found a hide-covered altar of Uskayaw.
 36663 | Shoals:1 | Got a smoking longbow
 36882 | Shoals:1 | Noticed Jorgrun
 36892 | Shoals:1 | Killed Jorgrun
 36951 | Shoals:1 | Offered knowledge of Eringya's Noxious Bog by Vehumet.
 37494 | Shoals:2 | Reached XP level 16. HP: 124/137 MP: 21/30
 37539 | Shoals:2 | Found a runed translucent gate.
 37539 | Shoals:2 | Found a runed translucent gate.
 37540 | Shoals:2 | Found a runed translucent gate.
 37540 | Shoals:2 | Noticed Zataygor's ghost (journeyman MiBe)
 38175 | Shoals:2 | Killed Zataygor's ghost
 39742 | Shoals:3 | Reached skill level 10 in Dodging
 40459 | Shoals:4 | Entered Level 4 of the Shoals
 40470 | Shoals:4 | Offered knowledge of Ozocubu's Refrigeration by Vehumet.
 40587 | Shoals:4 | Reached skill level 17 in Fire Magic
 41830 | Shoals:4 | Got a barnacled rune of Zot
 42012 | Shoals:4 | Identified the +2 ring mail of Midwinter {+Blink rElec rN+
                  | Str-5}
 42822 | Snake:1  | Entered Level 1 of the Snake Pit
 43708 | Snake:1  | Offered knowledge of Fire Storm by Vehumet.
 43708 | Snake:1  | Offered knowledge of Shatter by Vehumet.
 43708 | Snake:1  | Offered knowledge of Ignition by Vehumet.
 43732 | Snake:1  | Learned a level 9 spell: Fire Storm
 43740 | Snake:1  | Noticed Louise
 43744 | Snake:1  | Killed Louise
 44116 | Snake:1  | Reached XP level 17. HP: 126/146 MP: 10/32
 44184 | Lair:2   | Acquired the amulet "Xismis" {rN+ Regen+ Slay+5}
 44192 | Lair:2   | Acquired 692 gold pieces
 44839 | Snake:2  | Found Geywarche's Assorted Antiques.
 45779 | Snake:2  | Identified the cursed +0 ring mail of the Kettle-Drum {Harm
                  | MP-9 Slay+5}
 45796 | Snake:2  | Reached skill level 18 in Fire Magic
 47734 | Snake:4  | Entered Level 4 of the Snake Pit
 48613 | Snake:4  | Reached XP level 18. HP: 148/156 MP: 9/34
 49473 | Snake:4  | Reached skill level 19 in Fire Magic
 50521 | Snake:4  | Got a serpentine rune of Zot
 51037 | Elf:1    | Entered Level 1 of the Elven Halls
 51474 | Elf:1    | You fall into a shaft and drop 1 floor!
 51474 | Elf:2    | Found a huge runed translucent gate.
 51474 | Elf:2    | Found a huge runed translucent gate.
 51475 | Elf:2    | Found a huge runed translucent gate.
 51476 | Elf:2    | Found a huge runed translucent gate.
 51477 | Elf:2    | Found a huge runed translucent gate.
 52188 | Elf:2    | Found Odghoank's Armour Shoppe.
 52349 | Elf:2    | Found an ancient bone altar of Kikubaaqudgha.
 52455 | Elf:2    | Reached XP level 19. HP: 165/165 MP: 35/35
 52579 | Elf:2    | Noticed Aizul
 52581 | Elf:2    | Killed Aizul
 53158 | Elf:3    | Entered Level 3 of the Elven Halls
 53248 | Elf:1    | Reached skill level 20 in Fire Magic
 54192 | Elf:3    | Reached skill level 1 in Evocations
 54293 | Elf:3    | Reached skill level 1 in Staves
 54620 | Elf:3    | Found Diaw's Weapon Shop.
 54712 | Elf:3    | Found Owanu's Antique Weapon Emporium.
 54858 | Elf:3    | Found Jizojoh's Magic Scroll Emporium.
 54864 | Elf:3    | Found Santuud's Assorted Antiques.
 54882 | Elf:3    | Bought a scroll of blinking for 225 gold pieces
 54892 | Elf:3    | Found Kufrilext's Assorted Antiques.
 54967 | Elf:3    | Found Amobilin's General Store.
 54987 | Elf:3    | Found Plog's Distillery.
 55251 | Elf:3    | Reached XP level 20. HP: 167/174 MP: 13/37
 55346 | Elf:3    | Identified the ring of Zikhuod {rPois Stlth+}
 55379 | Elf:3    | Identified Pojih's Incunabulum of the Virous Compass
 55389 | Elf:3    | Identified the Almanac of the Frostbite and Confrontation
 55434 | Elf:3    | Found the +6 lightning scales {run, rElec}
 55487 | Elf:3    | Identified the +10 halberd of Peace {speed, Str+2}
 55975 | Vaults:1 | Entered Level 1 of the Vaults
 56211 | Vaults:1 | Found Esyi's General Store.
 56389 | Vaults:1 | Noticed Nikola
 56392 | Vaults:1 | Killed Nikola
 56821 | Vaults:1 | Reached skill level 21 in Fire Magic
 57016 | Vaults:1 | HP: 1/176 [something (9)]
 57605 | Vaults:1 | Identified the Grimoire of Summoning
 57903 | Vaults:1 | Found Miyllos's Assorted Antiques.
 57907 | Vaults:1 | Found a runed translucent gate.
 57909 | Vaults:1 | Bought a scroll of blinking for 240 gold pieces
 57910 | Vaults:1 | Found a runed translucent gate.
 57910 | Vaults:1 | Found a runed translucent gate.
 57912 | Vaults:1 | Noticed TuffENuff's ghost (veteran FoFi)
 58231 | Vaults:1 | Killed TuffENuff's ghost
 58677 | Vaults:2 | Reached XP level 21. HP: 183/183 MP: 32/38
 58882 | Vaults:2 | Reached skill level 5 in Evocations
 59827 | Vaults:2 | Found a staircase to the Crypt.
 59944 | Vaults:2 | Noticed Frederick
 59952 | Vaults:2 | Killed Frederick
 59953 | Vaults:2 | Reached skill level 5 in Staves
 60182 | Vaults:3 | Found Ostroow's Antique Weapon Shop.
 60680 | Vaults:3 | Reached skill level 15 in Fighting
 60986 | Vaults:3 | Identified the +11 rapier of Fabulous Forgiveness {vorpal,
                  | rPois MP+9 Int+4}
 62618 | Vaults:4 | Reached skill level 22 in Fire Magic
 63054 | Vaults:4 | Reached skill level 10 in Summonings
 63229 | Vaults:4 | Reached XP level 22. HP: 192/192 MP: 23/40
 64221 | Vaults:4 | Learned a level 8 spell: Ignition
 64222 | Vaults:5 | Entered Level 5 of the Vaults
 64427 | Vaults:5 | Reached skill level 15 in Dodging
 65346 | Slime:1  | Entered Level 1 of the Pits of Slime
 66293 | Slime:3  | Reached skill level 15 in Spellcasting
 66903 | Slime:4  | Reached XP level 23. HP: 203/203 MP: 37/42
 67420 | Slime:5  | Entered Level 5 of the Pits of Slime
 67446 | Slime:5  | Noticed the Royal Jelly
 67450 | Slime:5  | Killed the Royal Jelly
 67982 | Slime:5  | Got a slimy rune of Zot
 68025 | Slime:5  | Found the +7 great mace "Firestarter" {inner flame, rF++}
 68037 | Slime:5  | Identified the ring "Gurodohext" {+Fly Str+5} (You found it
                  | on level 5 of the Pits of Slime)
 68099 | Slime:5  | Got a flickering granite ring
 68100 | Slime:5  | Identified the cursed ring "Ininoa" {AC-4 Dex+6} (You found
                  | it on level 5 of the Pits of Slime)
 68124 | Slime:5  | Acquired the +0 mask of the Dragon {Will+ Slay+3 SInv}
 68125 | Slime:5  | Found the +0 mask of the Dragon {Will+ Slay+3 SInv}
 68158 | Slime:5  | Learned a level 8 spell: Summon Horrible Things
 68788 | Vaults:5 | Reached skill level 1 in Ice Magic
 68888 | Vaults:5 | Reached skill level 1 in Necromancy
 69119 | Vaults:5 | Identified the +3 arbalest of Buqy {venom, rN+ Will+ Int+2
                  | Stlth-}
 69171 | Vaults:5 | Identified the cursed +2 quarterstaff "Miurou" {spect,
                  | Str+3}
 69171 | Vaults:5 | Identified the cursed +2 quarterstaff "Miurou" {spect,
                  | Str+3}
 69209 | Vaults:5 | Noticed an ancient lich
 69215 | Vaults:5 | Killed an ancient lich
 69481 | Vaults:5 | Identified the Reference Book on Igneous Transmutation
 69498 | Vaults:5 | Learned a level 3 spell: Ozocubu's Armour
 69713 | Vaults:5 | Got a silver rune of Zot
 70424 | Vaults:5 | Noticed Mennas
 70444 | Vaults:5 | Slain by Mennas

Illustrated notes

Levels and vault maps discovered:
D:1:      dpeg_arrival_shelter, layout_loops_ring
D:2:      layout_basic, nicolae_overflow_crystal_walls, serial_aquarium,
          aquarium_bridge_straight [aquarium_subvault_bridge,
          aquarium_subvault_balcony, aquarium_subvault_bridge,
          aquarium_subvault_wall], aquarium_window_fake, aquarium_window_fake,
          aquarium_window_corner, aquarium_window_corner, aquarium_view_2e,
          aquarium_pool_2, minmay_door_square, kennysheep_generic_room_4,
          uniq_natasha
D:3:      layout_basic, general_overflow_altar, corexii_corridor_pit
D:4:      layout_basic, lemuel_doored_altar, lightli_sewer_entry_pipes
D:5:      layout_basic, serial_curves, eino_curves_02, eino_curves_04,
          yredelemnul_altar_generic
D:6:      layout_loops_cross, makhleb_grotto_becter,
          minmay_temple_entry_poolview, minmay_misc_feat_more_columns,
          uniq_crazy_yiuf_cottage, uniq_menkaure
D:7:      layout_loops_ring, lemuel_crystal_altar,
          minmay_overflow_temple_star_quad
D:8:      layout_basic, enter_bailey_2, serial_shops, shop, fedhas_altar_2
D:9:      layout_loops_corners, erik_lair_orcish_takeover, serial_shops, shop,
          small_chamber_with_monster, uniq_joseph, uniq_erica
D:10:     layout_roguey, david_orc_5, basic_altar, uniq_urug, uniq_gastronok
D:11:     layout_cross, minivault_25
D:12:     layout_basic, uniq_fannar
D:13:     layout_irregular_city, nicolae_trove_entry_crossroad
D:14:     layout_rooms, david_vaults_4, kennysheep_cross_room
D:15:     grunt_enter_depths_hoard, layout_loops_ring, serial_park_gazebo
          [serial_park_minivault_5x5_6]
Temple:   minmay_temple_curvy_branch
Lair:1:   layout_regular_city, columned_hall_lemuel
Lair:2:   layout_regular_city, shoals_dummy_entry,
          minmay_snake_entry_six_corridors, serial_bayou_pond_c, uniq_harold,
          uniq_sonja
Lair:3:   layout_roguey
Lair:4:   layout_regular_city, lemuel_fruit_tree
Lair:5:   layout_small_grid, slime_altar_1, amcnicky_altar_gilded,
          minmay_lair_oklob_chamber
Lair:6:   hangedman_lair_tendril_chambers, layout_misc_corridors
Shoals:1: layout_shoals, serial_shops, shop, shop_fountains,
          nicolae_shoals_circle_sea_wall, regret_index_shoals_crete,
          uniq_jorgrun, uniq_frances
Shoals:2: layout_shoals, ebering_ghost_rock_garden
Shoals:3: layout_shoals, nicolae_shoals_stone_sculpture_thing
Shoals:4: shoals_end_grunt_garden, layout_shoals, argonaut_gorgonesque
Snake:1:  layout_misc_corridors, uniq_louise
Snake:2:  layout_honeycomb, serial_shops, shop, st_stairs_12, drop_trap,
          hangedman_snake_corridor_cut
Snake:3:  layout_rooms, serial_bayou_pond_a
Snake:4:  grunt_snake_rune_spirals, layout_onion, serial_bayou_shore_b
Slime:1:  layout_caves
Slime:2:  layout_caves
Slime:3:  cheibrodos_slime_lost_civilization_3, layout_caves
Slime:4:  layout_caves
Slime:5
Orc:1:    layout_caves, serial_shops, nicolae_shop_trees,
          lightli_church_of_beogh
Orc:2:    grunt_orc_tribal_feast, layout_caves, basic_altar, serial_shops, shop,
          portal_ice_cave_entry_pillars_1, gauntlet_entry_generic, uniq_nessos
Elf:1:    eino_elf_arrival_shootout, layout_geoelf_diagonals, minivault_28
Elf:2:    layout_loops_corners, serial_shops, shop, basic_altar,
          grunt_megastairs_4, uniq_aizul
Elf:3:    minmay_elf_hall_spiked, layout_gridlike, serial_shops, shop, shop,
          nicolae_shop_stone, shop, shop_fountains, minivault_24,
          minmay_shoptagon
Vaults:1: gammafunk_vaults_ghost_fury_of_okawaru, ontoclasm_vaults_misaligned,
          nicolae_vaults_alarming, st_greater_box_4,
          nicolae_vaults_network_quinsquares
          [nicolae_vaults_network_quincunx_subvault,
          nicolae_vaults_network_quincunx_subvault,
          nicolae_vaults_network_quincunx_subvault,
          nicolae_vaults_network_quincunx_subvault], v_rooms_2,
          vaults_room_door_hall, nicolae_vaults_little_squares_5,
          nicolae_vaults_little_squares_5, ontoclasm_vaults_idyll,
          nicolae_vaults_diagonal_hallway_8, v_misc_2, v_pattern_2,
          grunt_vaults_focal, layout_vaults_omnibox, serial_shops, shop, shop,
          uniq_nikola
Vaults:2: vaults_room_semicircle, nicolae_vaults_little_squares_6,
          nicolae_vaults_diagonal_hallway_6, v_misc_19, v_misc_8,
          minmay_crypt_entry_simple_round, grunt_vaults_hallway_long,
          nicolae_vaults_diagonal_hallway_8, v_misc_17,
          nicolae_vaults_network_s, vaults_room_fours, layout_vaults_ring,
          uniq_frederick
Vaults:3: vaults_room_door_ring, nicolae_vaults_little_squares_3,
          nicolae_vaults_arrows, hangedman_vaults_maws,
          ontoclasm_vaults_ring_square, vaults_room_guarded_vault,
          v_alt_pattern_3, v_misc_5, vaults_room_hallway,
          vaults_room_stairs_pillars, hangedman_vaults_snaps, vaults_room_fours,
          hangedman_vaults_stagger, vaults_dpeg_ring,
          nicolae_vaults_diagonal_hallway_7, ontoclasm_vaults_pinch, v_misc_19,
          vaults_room_large_hall, layout_vaults_omnicross, serial_shops, shop
Vaults:4: nicolae_vaults_little_squares_2, grunt_vaults_funnel, st_octagons_1,
          v_pattern_3, nicolae_vaults_specimen_jars, v_misc_5,
          nicolae_vaults_rhombus_6, hangedman_vaults_slice,
          dpeg_vaults_monster_box, layout_vaults_big_room
Vaults:5: uniq_mennas

Skill      XL: |  1  2  3  4  5  6  7  8  9 10 11 12 13 14 15 16 17 18 19 20 21 22 23 |
---------------+----------------------------------------------------------------------+-----
Conjurations   | 5 6 7 8 9 10 11 12 13 14 15 16 17 18 19 20 | 20.5
Spellcasting   | 3 4 5 6 7 8 9 10 11 12 13 14 15 16 | 16.0
Fire Magic     | 2 5 7 9 11 12 13 15 16 17 18 19 20 21 22 | 22.0
Dodging        | 2 3 4 6 7 8 9 10 11 12 13 14 15 16 | 16.6
Fighting       | 1 3 5 6 7 8 10 11 12 13 14 15 16 17 | 17.1
Summonings     | 2 6 8 10 12 14 | 14.6
Shields        | 1 4 |  4.0
Evocations     | 3 4 6 |  6.1
Staves         | 2 4 6 |  6.0
Ice Magic      | 4 |  4.0
Necromancy     | 4 |  4.5
Stealth        | |  1.7
Earth Magic    | |  0.2

Action                   |  1- 3 |  4- 6 |  7- 9 | 10-12 | 13-15 | 16-18 | 19-21 | 22-24 || total
-------------------------+-------+-------+-------+-------+-------+-------+-------+-------++-------
Melee: Unarmed           |     5 |       |       |       |       |       |       |       ||     5
       Tailslap          |     1 |       |       |       |    11 |       |     2 |       ||    14
       Mace              |       |     4 |     5 |       |       |       |       |       ||     9
       Quarterstaff      |       |       |     4 |       |       |       |       |       ||     4
       Trident           |       |       |     1 |     4 |       |       |       |       ||     5
       Staff             |       |       |       |     5 |    37 |     8 |    24 |     7 ||    81
Throw: Dart              |       |       |       |    13 |       |       |       |       ||    13
 Cast: Magic Dart        |    28 |       |       |    13 |       |       |       |       ||    41
       Searing Ray       |     5 |    39 |   148 |   143 |    10 |     5 |     4 |     1 ||   355
       Iskenderun's Myst |       |       |     3 |    22 |    24 |     7 |    12 |     3 ||    71
       Iskenderun's Batt |       |       |       |    18 |       |       |       |       ||    18
       Bolt of Magma     |       |       |       |     6 |       |       |       |       ||     6
       Orb of Destructio |       |       |       |    44 |   166 |    92 |     2 |    12 ||   316
       Spellforged Servi |       |       |       |     2 |   104 |   131 |    63 |    30 ||   330
       Fireball          |       |       |       |       |   149 |    49 |     9 |     1 ||   208
       Blink             |       |       |       |       |     1 |       |       |       ||     1
       Fire Storm        |       |       |       |       |       |   189 |   281 |   164 ||   634
       Ignition          |       |       |       |       |       |       |       |     6 ||     6
       Summon Horrible T |       |       |       |       |       |       |       |     9 ||     9
       Ozocubu's Armour  |       |       |       |       |       |       |       |     3 ||     3
 Abil: Breathe Fire      |       |       |    11 |    28 |    12 |     8 |       |     1 ||    60
Evoke: Box of beasts     |       |       |       |       |       |       |       |     1 ||     1
       Phantom mirror    |       |       |       |       |       |       |       |     1 ||     1
  Use: Scroll            |       |       |       |    18 |    11 |     6 |     7 |     7 ||    49
       Potion            |       |       |       |     3 |     1 |       |     1 |     3 ||     8
 Stab: Distracted        |       |       |       |       |       |     1 |       |       ||     1
Armor: Skin              |    19 |    22 |    36 |    64 |    55 |    36 |    18 |    11 ||   261
Dodge: Dodged            |    24 |    45 |    75 |   101 |   148 |    96 |    58 |    50 ||   597
       Repelled          |       |       |       |       |       |       |     4 |     9 ||    13
Block: Buckler           |       |       |       |       |     1 |    38 |    10 |    16 ||    65
